[Event "Early-Titled-Tuesday-Blitz-February-20-2024"]
[Site "Chess.com"]
[Date "2024.02.20"]
[Round "7"]
[White "pooh2012"]
[Black "LimeInTheCoconut"]
[Result "1-0"]
[WhiteElo "2550"]
[BlackElo "2417"]
[TimeControl "180+1"]
[EndTime "9:19:57 PST"]
[Termination "pooh2012 won on time"]

1. d4 Nf6 2. c4 g6 3. Nc3 d5 4. cxd5 Nxd5 5. Na4 Nb6 6. Nf3 Bg7 7. Nc5 Nc6 8. e3 O-O 9. Bb5 Nb4 10. a3 N4d5 11. O-O c6 12. Be2 Nd7 13. Nd3 a5 14. Qc2 a4 15. e4 N5f6 16. Nb4 Qc7 17. e5 Ne8 18. Bf4 Qd8 19. Bg3 Nb6 20. Bh4 Nc7 21. Qc5 Nbd5 22. Rfd1 Bg4 23. h3 Bxf3 24. Bxf3 Nxb4 25.
Bxe7 Nca6 26. Qxb4 Nxb4 27. Bxd8 Rfxd8 28. axb4 Bf8 29. b5 cxb5 30. Bxb7 Rab8 31. Bc6 Rb6 32.
d5 Bg7 33. f4 g5 34. g3 gxf4 35.
gxf4 Bh6 36. Rd4 Rxc6 37. dxc6 Rxd4 38. Rc1 1-0

[Event "Early-Titled-Tuesday-Blitz-February-20-2024"]
[Site "Chess.com"]
[Date "2024.02.20"]
[Round "7"]
[White "Kotofeyca"]
[Black "marsofsilva"]
[Result "1-0"]
[WhiteElo "2404"]
[BlackElo "2174"]
[TimeControl "180+1"]
[EndTime "9:19:57 PST"]
[Termination "Kotofeyca won by checkmate"]

1. d4 d5 2. c4 e6 3. Nc3 Nf6 4. cxd5 exd5 5. Bg5 c6 6. Qc2 h6 7. Bh4 Be7 8. e3 O-O 9. Bd3 Re8 10. Nf3 Ne4 11. Bxe4 dxe4 12. Qxe4 Nd7 13. Bxe7 Rxe7 14. Qc2 Nf6 15. O-O Bg4 16. Ne5 Be6 17. Rfd1 Qc7 18. b4 Rd8 19. Rac1 Qb8 20. a3 Ng4 21. Nxg4 Bxg4 22.
Re1 Bh5 23. Qf5 Bg6 24. Qf3 Qd6 25. Qg3 Qf6 26. Na4 Rde8 27. Nc5 Bf5 28. h3 Bc8 29. Nd3 Re4 30. Ne5 Qe6 31. Rc5 f6 32. Nf3 Qf7 33. Rd1 Be6 34. b5 Bd5 35. bxc6 bxc6 36. Rcc1 Rb8 37.
Rb1 Rxb1 38. Rxb1 Kh7 39. a4 Re8 40. Nh4 Be4 41. Rb2 Qc4 42. Rb7 Qc1+ 43. Kh2 Qe1 44. Qxg7# 1-0

[Event "Early-Titled-Tuesday-Blitz-February-20-2024"]
[Site "Chess.com"]
[Date "2024.02.20"]
[Round "7"]
[White "jodarmarlon1985"]
[Black "Maftuna2303"]
[Result "0-1"]
[WhiteElo "2169"]
[BlackElo "2411"]
[TimeControl "180+1"]
[EndTime "9:19:57 PST"]
[Termination "Maftuna2303 won on time"]

1. e4 e5 2. Nf3 Nc6 3. Bb5 Nf6 4. d3 Bc5 5. Bxc6 dxc6 6. h3 Qe7 7. O-O O-O 8. b3 Nd7 9. Bb2 f6 10. Nbd2 Rd8 11.
Qe2 Nf8 12. Nc4 Ng6 13. Ne3 Nf4 14. Qe1 Qf7 15. Nf5 Qh5 16. Qd1 Bxf5 17. exf5 Qxf5 18. Bc1 g5 19. Be3 Bb6 20. Nh2 Qg6 21. Qg4 h5 22. Qf3 Nd5 23. Bd2 Kh7 24. Rad1 Rg8 25. Kh1 Raf8 26. Qe4 f5 27. Qxe5 Re8 28. Qg3 f4 29.
Qf3 Bd4 30. c3 Nxc3 31. Bxc3 Bxc3 32. d4 Bb4 33. Qd3 Bd6 34. Nf3 Qxd3 35. Rxd3 Kg6 36. Rfd1 Re2 37. a4 Kf6 38. Kg1 g4 39. hxg4 hxg4 40.
Ne5 Bxe5 41. dxe5+ Rxe5 42. Rd7 Re7 43. Kf1 Rge8 44.
Rxe7 Rxe7 45. Rd4 Ke5 46. Rc4 Rd7 47. Ke2 Rd4 48. Rc5+ Rd5 49. Rc4 c5 50. g3 f3+ 51.
Ke3 Kf5 52. Rf4+ Kg5 53. Rxf3 gxf3 54. Kxf3 Rd3+ 0-1

[Event "Early-Titled-Tuesday-Blitz-February-20-2024"]
[Site "Chess.com"]
[Date "2024.02.20"]
[Round "7"]
[White "ChEsper99"]
[Black "Rurep26"]
[Result "0-1"]
[WhiteElo "2236"]
[BlackElo "2732"]
[TimeControl "180+1"]
[EndTime "9:19:58 PST"]
[Termination "Rurep26 won by resignation"]

1. e4 e6 2. d4 d5 3. Nd2 c5 4. Ngf3 cxd4 5. exd5 Qxd5 6. Bc4 Qd6 7. O-O Nf6 8. Nb3 Nc6 9. Nbxd4 Nxd4 10. Qxd4 Qxd4 11.
Nxd4 Bd7 12. Be2 Bc5 13. Nb3 Bb6 14. Bf3 O-O-O 15. c4 Bc6 16. Bxc6 bxc6 17. Bg5 Rd3 18. Bxf6 gxf6 19. Rfd1 Rhd8 20. Rxd3 Rxd3 21. Kf1 a5 22.
Ke2 Rd7 23. a4 Rb7 24. Nd2 Bd4 25. Rb1 Rxb2 26. Rxb2 Bxb2 27. Kd3 Kc7 28. c5 Ba3 29. Kd4 f5 30. Nc4 Bb4 31. Nd6 Be1 32. f4 Bf2+ 33.
Kc4 Bg1 34. h3 Bh2 35. Nxf7 Bxf4 36. g4 fxg4 37. hxg4 Kd7 38. Kd4 Ke7 39. Ne5 Bxe5+ 40. Kxe5 h6 41. Ke4 Kf6 42. Kf4 e5+ 43. Ke4 Ke6 0-1

[Event "Early-Titled-Tuesday-Blitz-February-20-2024"]
[Site "Chess.com"]
[Date "2024.02.20"]
[Round "7"]
[White "Cheer_Down"]
[Black "MyDream003"]
[Result "0-1"]
[WhiteElo "2435"]
[BlackElo "2739"]
[TimeControl "180+1"]
[EndTime "9:19:59 PST"]
[Termination "MyDream003 won on time"]

1. e4 c6 2. d4 d5 3. e5 Bf5 4. h4 h5 5. Bd3 Bxd3 6. Qxd3 e6 7. Bg5 Qa5+ 8. Nd2 Qb5 9. c4 dxc4 10. Nxc4 Nd7 11. Ne2 Nb6 12. b3 Bb4+ 13. Kf1 Nh6 14. Ng3 Nf5 15. Nxf5 exf5 16. Rh3 Nxc4 17. bxc4 Qa6 18.
Rc1 g6 19. Kg1 O-O 20. Bf6 Kh7 21. Rf3 Rg8 22. Rxf5 gxf5 23. Qxf5+ Kh6 24. Bg5+ Rxg5 25. hxg5+ Kg7 26. Qf6+ Kg8 27. e6 Rf8 28. g6 fxe6 29. Qxe6+ Kg7 30. c5 Qa3 31. Rc2 Qd3 32. Re2 Qf5 33.
Qe7+ Kxg6 34. Re6+ Rf6 35. Qe8+ Kg7 36. Re7+ Rf7 37.
Re2 Bc3 0-1

[Event "Early-Titled-Tuesday-Blitz-February-20-2024"]
[Site "Chess.com"]
[Date "2024.02.20"]
[Round "7"]
[White "Hudijegszid"]
[Black "ural58"]
[Result "1-0"]
[WhiteElo "2361"]
[BlackElo "2504"]
[TimeControl "180+1"]
[EndTime "9:19:59 PST"]
[Termination "Hudijegszid won by resignation"]

1. Nf3 Nc6 2. g3 d5 3. d4 Bf5 4.
Bg2 Nb4 5. Na3 e6 6. O-O h6 7. c4 Nf6 8. Bf4 c6 9. Rc1 Be7 10. Ne5 Nxa2 11. Ra1 Nb4 12. c5 O-O 13. Qa4 a5 14. Bd2 Ne4 15. Bxb4 axb4 16. Qxb4 f6 17.
Nd3 b5 18. Nc2 Qc7 19. f3 Ng5 20. Rae1 Ra4 21. Qd2 Bxd3 22. Qxd3 e5 23. f4 e4 24. Qc3 Ne6 25. e3 Rfa8 26. Ra1 f5 27. Bh3 g6 28.
g4 fxg4 29. Bxg4 Rxa1 30. Bxe6+ Kg7 31. Rxa1 Rxa1+ 32. Nxa1 g5 33. f5 Kf6 34. Nb3 Bd8 35. Qb4 h5 36. Qa3 g4 37. Qa8 g3 38. h3 h4 39. Qc8 Qxc8 40. Bxc8 Bc7 41. Kg2 Ke7 42.
Bb7 Kd7 43. f6 Bd8 44. f7 Ke7 45.
Bxc6 Kxf7 46. Bxd5+ Kg6 47. Bxe4+ Kh6 48. d5 Bg5 49. c6 1-0

[Event "Early-Titled-Tuesday-Blitz-February-20-2024"]
[Site "Chess.com"]
[Date "2024.02.20"]
[Round "7"]
[White "dosto07"]
[Black "Jamal-Jamal-Jamal"]
[Result "1-0"]
[WhiteElo "2498"]
[BlackElo "2279"]
[TimeControl "180+1"]
[EndTime "9:20:00 PST"]
[Termination "dosto07 won by checkmate"]

1. e4 c6 2. d4 d5 3. Nc3 dxe4 4. Nxe4 Nf6 5. Nxf6+ exf6 6. c3 Bd6 7. Bd3 O-O 8.
Ne2 Re8 9. O-O Bg4 10. h3 Bh5 11. Qc2 Bg6 12. Nf4 Nd7 13. Nxg6 hxg6 14. Bd2 Nf8 15.
Rfe1 Bc7 16. g3 Qd7 17. Kg2 Ne6 18. Bc4 f5 19. Qd3 f4 20. Bxe6 Rxe6 21. Rxe6 Qxe6 22. Bxf4 Bxf4 23. gxf4 Re8 24. c4 Qe2 25. Qc3 Re4 26. Kg3 g5 27. fxg5 Qh5 28. Qd2 Qh4+ 29. Kg2 Rxd4 30. Qe3 Rxc4 31. Rd1 Rf4 32. Rd8+ Kh7 33. Qg3 Qxg3+ 34. Kxg3 Rc4 35. Rd7 b6 36. Rxf7 a5 37.
Rb7 b5 38. b3 Rc2 39. Rb6 Rxa2 40. Rxc6 Ra3 41. Kg4 Rxb3 42. f4 a4 43. h4 a3 44.
Ra6 Rc3 45. h5 b4 46. g6+ Kh6 47. Ra8 a2 48. Rh8# 1-0

[Event "Early-Titled-Tuesday-Blitz-February-20-2024"]
[Site "Chess.com"]
[Date "2024.02.20"]
[Round "7"]
[White "SahibSinghKnight"]
[Black "ikhasu"]
[Result "1-0"]
[WhiteElo "2577"]
[BlackElo "2451"]
[TimeControl "180+1"]
[EndTime "9:20:01 PST"]
[Termination "SahibSinghKnight won by checkmate"]

1. e4 c5 2. Nf3 e6 3. d4 cxd4 4. Nxd4 Nc6 5. Nc3 Qb6 6. Ndb5 Nf6 7. Be3 Qa5 8. Bd2 Qb6 9. Bf4 e5 10. Be3 Qa5 11. Bd2 Qb6 12. Bg5 Bc5 13. Qd2 Bb4 14. Bxf6 gxf6 15. a3 Bxc3 16. Nxc3 Ne7 17.
Nb5 O-O 18. O-O-O d5 19. exd5 Bf5 20. Qb4 Qxf2 21. Qd2 Qc5 22. Nc3 Rfd8 23. Bd3 Bg6 24. Bxg6 hxg6 25. Ne4 Qb6 26. c4 Rac8 27. Kb1 Rxc4 28.
Qe2 Rxe4 29. Qxe4 Nf5 30. g4 Nd6 31. Qf3 Qc5 32. h4 e4 33. Qxf6 Rc8 34. h5 Qc2+ 35. Ka1 e3 36. h6 Ne8 37. h7+ Kf8 38. h8=Q# 1-0

[Event "Early-Titled-Tuesday-Blitz-February-20-2024"]
[Site "Chess.com"]
[Date "2024.02.20"]
[Round "7"]
[White "xamax2000"]
[Black "Shield12"]
[Result "1/2-1/2"]
[WhiteElo "2891"]
[BlackElo "2982"]
[TimeControl "180+1"]
[EndTime "9:20:02 PST"]
[Termination "Game drawn by repetition"]

1. Nf3 Nf6 2. c4 e6 3. g3 d5 4. Bg2 d4 5. O-O Nc6 6. d3 Bc5 7. Nbd2 a5 8. Nb3 Be7 9. e3 dxe3 10. Bxe3 Ng4 11. Bc5 O-O 12. d4 a4 13. Bxe7 Qxe7 14. Nc5 a3 15. b4 Nxb4 16. Rb1 b6 17. Rxb4 bxc5 18. Rb5 Ra6 19. Rxc5 Rd8 20. Qb3 Rb6 21. Qxa3 Bb7 22. Ra5 Qxa3 23. Rxa3 Nf6 24. Ne5 Bxg2 25. Kxg2 g6 26. c5 Rb2 27. Nc6 Re8 28. Ra7 Nd5 29.
a4 Ne3+ 30. Kg1 Nxf1 31. Kxf1 Kg7 32. Rxc7 Ra2 33. a5 Kf8 34. h4 h6 35. Kg2 g5 36.
h5 Ra3 37. Ra7 Ra4 38. a6 f6 39. Kf3 Ra2 40. Ke3 Rc8 41. Ne7 Rb8 42. Rb7 Ra8 43.
Ng6+ Kg8 44. Ne7+ Kf8 45. Ng6+ Kg8 46. Ne7+ Kf8 1/2-1/2

[Event "Early-Titled-Tuesday-Blitz-February-20-2024"]
[Site "Chess.com"]
[Date "2024.02.20"]
[Round "7"]
[White "Grischuk"]
[Black "Rud_2008"]
[Result "1-0"]
[WhiteElo "3085"]
[BlackElo "2726"]
[TimeControl "180+1"]
[EndTime "9:20:02 PST"]
[Termination "Grischuk won on time"]

1. d4 Nf6 2. c4 e6 3. Bg5 d5 4. e3 h6 5. Bh4 c6 6. Nc3 Nbd7 7. cxd5 exd5 8. Bd3 Be7 9. Nf3 O-O 10. Qc2 Re8 11. O-O Ne4 12. Bxe4 Bxh4 13. Bh7+ Kf8 14. Bd3 Be7 15.
Rae1 Nf6 16. Ne5 Bd6 17. f4 c5 18. h3 a6 19. g4 b5 20. g5 hxg5 21. fxg5 Bxe5 22. dxe5 Nh5 23. h4 Ra7 24. Bg6 Ng3 25. Rf3 d4 26. Qf2 Ree7 27. exd4 cxd4 28. Rxg3 dxc3 29. Rxc3 Kg8 30. Bc2 Rac7 31. Rxc7 Rxc7 32. Bb3 Be6 33. Bxe6 fxe6 34. g6 Qe8 35. h5 Qe7 36.
Rf1 Qg5+ 37. Qg2 Qe3+ 38. Kh1 Rc8 39. Qf3 Qxe5 40. Qf7+ 1-0

[Event "Early-Titled-Tuesday-Blitz-February-20-2024"]
[Site "Chess.com"]
[Date "2024.02.20"]
[Round "7"]
[White "Evgeny81"]
[Black "VinzentSpitzl"]
[Result "1-0"]
[WhiteElo "2767"]
[BlackElo "2549"]
[TimeControl "180+1"]
[EndTime "9:20:03 PST"]
[Termination "Evgeny81 won by checkmate"]

1. e4 c5 2. Nc3 d6 3. f4 g6 4. d3 Bg7 5. g3 Nc6 6. Bg2 Nf6 7. Nf3 O-O 8. O-O Bg4 9. h3 Bxf3 10. Qxf3 Nd4 11.
Qf2 Rb8 12. a4 e6 13. Be3 Nd7 14. Kh2 a6 15. g4 b5 16. axb5 axb5 17. h4 b4 18. Nd1 b3 19. c3 Nc2 20. Ra7 Nxe3 21. Nxe3 Ra8 22. Rb7 Ra2 23. Rxb3 Qc7 24. Re1 Rb8 25.
Rxb8+ Qxb8 26. Re2 Nb6 27. g5 Na4 28. Nc4 Nb6 29.
Nxb6 Qxb6 30. Bh3 Qb5 31. Rd2 Qb3 32. Bg4 Ra1 33. h5 Qb5 34. h6 Bh8 35. Kg2 Ra2 36.
Bf3 Qa6 37. f5 Be5 38. fxe6 fxe6 39. Bg4 d5 40. exd5 exd5 41. Qf3 Qd6 42. Rf2 Ra8 43.
Qf7+ Kh8 44. Be6 Qc7 45. Qf8+ Rxf8 46. Rxf8# 1-0

[Event "Early-Titled-Tuesday-Blitz-February-20-2024"]
[Site "Chess.com"]
[Date "2024.02.20"]
[Round "7"]
[White "Chessmissile07"]
[Black "deribas12345"]
[Result "1-0"]
[WhiteElo "2879"]
[BlackElo "2615"]
[TimeControl "180+1"]
[EndTime "9:20:04 PST"]
[Termination "Chessmissile07 won by resignation"]

1. a3 g6 2. g3 Bg7 3. c4 e5 4.
Bg2 Nf6 5. Nc3 c6 6. e4 O-O 7. Nge2 d6 8. O-O Be6 9. b3 Qc8 10. d4 Bh3 11. d5 Bxg2 12. Kxg2 c5 13. Qd3 Re8 14. b4 Nbd7 15. Be3 b6 16. Rfc1 a6 17.
Rab1 Rf8 18. bxc5 bxc5 19. Rb3 Ng4 20. Rcb1 Nxe3+ 21. Qxe3 Rb8 22. Rxb8 Nxb8 23. Na4 Nd7 24. Qb3 f5 25. Nb6 Nxb6 26. Qxb6 f4 27. f3 fxg3 28.
hxg3 Qd7 29. Qb7 Qa4 30. Qb3 Qa5 31. Rb2 Bh6 32. Qc3 Qa4 33. Qd3 Bg5 34. Kf2 h5 35.
Rb6 Be7 36. Rb7 Rf7 37. Qb3 Qa5 38. Qb6 Qd2 39. Qc6 Kg7 40. Qe8 h4 41. g4 h3 42.
Rxe7 Rxe7 43. Qxe7+ Kh6 44. Qh4+ Kg7 45. Qxh3 1-0

[Event "Early-Titled-Tuesday-Blitz-February-20-2024"]
[Site "Chess.com"]
[Date "2024.02.20"]
[Round "7"]
[White "UnTucopalaTimba"]
[Black "LaPiToB"]
[Result "0-1"]
[WhiteElo "1995"]
[BlackElo "2286"]
[TimeControl "180+1"]
[EndTime "9:20:04 PST"]
[Termination "LaPiToB won by checkmate"]

1. e4 c6 2. d4 d5 3. f3 dxe4 4. fxe4 e5 5. Nf3 Bg4 6. c3 Nd7 7. Be2 Bd6 8. O-O Ngf6 9. h3 Bxf3 10. Bxf3 O-O 11. Bg5 h6 12. Bh4 Qb6 13. Qd2 Rfe8 14. Bf2 Qc7 15. Re1 Rad8 16. Qc2 Nf8 17. Nd2 Ng6 18. Nc4 Bf8 19. Rad1 exd4 20. cxd4 Bb4 21. Rf1 b5 22. Nd2 Nf4 23. a3 Ba5 24. b4 Bb6 25. Nb3 g5 26. Kh1 h5 27. e5 N6d5 28. Qf5 Re6 29. Bxd5 Nxd5 30. Nc5 Bxc5 31. bxc5 Rg6 32. Rfe1 Ne7 33. Qf3 g4 34. hxg4 hxg4 35. Qf4 Nd5 36. Qf5 Kg7 37. Kg1 g3 38. Be3 Rh8 39.
Kf1 Qe7 40. Ke2 Rh2 41. Kf3 Nxe3 42. Rxe3 Qh4 43. Rg1 Qxd4 44. Rge1 Qd5+ 45. Re4 Qd3+ 46. R1e3 Qf1# 0-1

[Event "Early-Titled-Tuesday-Blitz-February-20-2024"]
[Site "Chess.com"]
[Date "2024.02.20"]
[Round "7"]
[White "Beca95"]
[Black "sergoy"]
[Result "0-1"]
[WhiteElo "2882"]
[BlackElo "2997"]
[TimeControl "180+1"]
[EndTime "9:20:05 PST"]
[Termination "sergoy won by resignation"]

1. d4 d5 2. Nf3 Nf6 3. c4 c6 4. Nc3 e6 5. Bg5 h6 6. Bxf6 Qxf6 7. a3 dxc4 8. e3 b5 9. Ne5 Qd8 10. Qh5 Qc7 11. Ne4 Bb7 12. g3 c5 13. Bg2 cxd4 14.
exd4 Nc6 15. O-O Nxe5 16. dxe5 Be7 17. Nd6+ Bxd6 18. exd6 Qd7 19. Bxb7 Qxb7 20. Rad1 Rd8 21. Rd4 O-O 22. Rfd1 Rd7 23. Rg4 Kh7 24. Qe5 Rg8 25.
h4 Qf3 26. Rdd4 Qf5 27. Qxf5+ exf5 28. Rgf4 g6 29. Rd5 a6 30. Rfd4 Rgd8 31. Rd1 Kg7 32. Kg2 Kf6 33. R5d2 Re8 34. a4 Re5 35. axb5 axb5 36.
Ra1 Ke6 37. Ra6 g5 38. hxg5 hxg5 39. f4 gxf4 40. gxf4 Rd5 41. Re2+ Kf6 42. Kg3 R7xd6 43. Rxd6+ Rxd6 44. Kh4 Rd4 45. Kg3 Rd3+ 46. Kh4 Rf3 47. Rd2 Rxf4+ 48. Kh5 Re4 49. Rd5 Re5 50. Rd6+ Ke7 51.
Rb6 f6 52. Kg6 f4 53. Rb7+ Ke6 54. Rb6+ Kd5 55. Kxf6 Kd4 56. Re6 Rxe6+ 0-1

[Event "Early-Titled-Tuesday-Blitz-February-20-2024"]
[Site "Chess.com"]
[Date "2024.02.20"]
[Round "7"]
[White "agvega14"]
[Black "DmitriiZakurdaev"]
[Result "1/2-1/2"]
[WhiteElo "2228"]
[BlackElo "2436"]
[TimeControl "180+1"]
[EndTime "9:20:05 PST"]
[Termination "Game drawn by repetition"]

1. d4 d5 2. c4 e6 3. Nc3 Nf6 4. cxd5 exd5 5. Bg5 Be7 6. e3 c6 7. Qc2 Nbd7 8. Bd3 Nh5 9. Bxe7 Qxe7 10. Nge2 g6 11. O-O O-O 12. a3 a5 13. Rae1 Ndf6 14. e4 dxe4 15. Nxe4 Nxe4 16. Bxe4 Nf6 17. Bf3 Bf5 18. Qb3 Rfe8 19. h3 a4 20. Qc3 Rad8 21. Ng3 Qd7 22. Rxe8+ Rxe8 23. Rd1 Be6 24. Qb4 Bb3 25.
Rd2 Re1+ 26. Kh2 h5 27. Rd3 Rb1 28. Rd2 Qc7 29. d5 cxd5 30. Qd4 Qc1 31. Ne2 Qc7+ 32. Qf4 Qxf4+ 33. Nxf4 Kg7 34. h4 Ne4 35. Bxe4 dxe4 36.
Kg3 Kf6 37. Ne2 Ke5 38. Nc3 Rc1 39. Rd7 f5 40. Re7+ Kf6 41. Rxb7 Rc2 42. Rb6+ Ke5 43. Rb5+ Kf6 44. Rb6+ Kg7 45. Rb7+ Kf6 46. Rb6+ 1/2-1/2

[Event "Early-Titled-Tuesday-Blitz-February-20-2024"]
[Site "Chess.com"]
[Date "2024.02.20"]
[Round "7"]
[White "Sanan_Sjugirov"]
[Black "GeorgiosSouleidis"]
[Result "1-0"]
[WhiteElo "2902"]
[BlackElo "2691"]
[TimeControl "180+1"]
[EndTime "9:20:06 PST"]
[Termination "Sanan_Sjugirov won on time"]

1. d4 Nf6 2. Nf3 g6 3. c4 Bg7 4.
Nc3 O-O 5. e4 d6 6. Be2 e5 7. O-O Bg4 8. d5 a5 9. Be3 Na6 10. Nd2 Bd7 11. Rb1 h5 12. a3 Ng4 13.
Bxg4 hxg4 14. f3 gxf3 15. Nxf3 Nc5 16. b4 axb4 17. axb4 Na4 18. Ne2 f5 19. h3 f4 20.
Bf2 g5 21. Ra1 g4 22. hxg4 Bxg4 23. Qb3 Qf6 24. Bh4 Qg6 25. Rxa4 Rxa4 26. Qxa4 Qxe4 27.
Qd1 Qxc4 28. Re1 e4 29. Nh2 Bh5 30. Qd2 f3 31. Nf4 Bc3 32. Qc1 Bd4+ 33. Bf2 Bxf2+ 34.
Kxf2 Qa2+ 35. Kg3 Rxf4 36. Qxf4 Qxg2+ 37. Kh4 f2 38. Rxe4 Qxh2+ 39. Qxh2 f1=Q 40. Qg3+ Kf7 41. Rf4+ 1-0

[Event "Early-Titled-Tuesday-Blitz-February-20-2024"]
[Site "Chess.com"]
[Date "2024.02.20"]
[Round "7"]
[White "djano"]
[Black "Nouali_Mohamed"]
[Result "0-1"]
[WhiteElo "2663"]
[BlackElo "2549"]
[TimeControl "180+1"]
[EndTime "9:20:06 PST"]
[Termination "Nouali_Mohamed won by resignation"]

1. e4 c5 2. Nc3 Nc6 3. Bb5 Qc7 4. Nf3 e6 5. O-O a6 6. Bxc6 Qxc6 7. d4 cxd4 8. Nxd4 Qc7 9. Re1 h5 10. Nd5 exd5 11.
exd5+ Ne7 12. Bg5 d6 13. Qd3 f6 14. Re2 fxg5 15. Qg6+ Kd8 16. Qxg5 Rh6 17. Rae1 Rf6 18. Qxh5 Qc5 19. Nb3 Qxd5 20. Qh4 Re6 21. Nd4 Rg6 22.
f3 Rg4 23. fxg4 Qxd4+ 24. Kh1 Qxg4 25. Qh8 Ng6 26. Qg8 Bd7 27. Qf7 Kc7 28. Re4 Qf5 29. Rc4+ Kb6 30. Rb4+ Kc5 31. Qb3 b5 32. a4 Kb6 33.
a5+ Ka7 34. Qe3+ Kb7 35. Qb6+ Kc8 36. Rbe4 Qd5 37. Rd4 Qc6 38. Rde4 Qxb6 39. axb6 Kb7 40. Rf4 Ne5 41. Rf7 Nxf7 0-1

[Event "Early-Titled-Tuesday-Blitz-February-20-2024"]
[Site "Chess.com"]
[Date "2024.02.20"]
[Round "7"]
[White "Bilan_Danila"]
[Black "NM_Antelacus"]
[Result "1-0"]
[WhiteElo "2481"]
[BlackElo "2254"]
[TimeControl "180+1"]
[EndTime "9:20:06 PST"]
[Termination "Bilan_Danila won by resignation"]

1. d4 Nf6 2. Nf3 e6 3. g3 b6 4.
Bg2 Bb7 5. O-O Be7 6. c4 O-O 7. d5 d6 8. Nc3 e5 9. e4 a5 10. b3 Nbd7 11. Ne1 Nc5 12. Nd3 Bc8 13. Nxc5 bxc5 14.
h3 Bd7 15. f4 Ne8 16. fxe5 dxe5 17. Be3 Bd6 18. g4 Qh4 19. Qd2 h6 20. Ne2 a4 21. Nc1 Nf6 22. Nd3 axb3 23. axb3 Rxa1 24. Rxa1 Rb8 25. Bf2 Qg5 26. Qxg5 hxg5 27. Ra3 c6 28. Bxc5 Bxc5+ 29. Nxc5 cxd5 30. exd5 g6 31. d6 Kg7 32. Ra7 Bc8 33. d7 Nxd7 34. Nxd7 Bxd7 35. Rxd7 Rxb3 36. Bd5 Rxh3 37. Rxf7+ Kh6 38. Kf2 Rc3 39. Re7 Rc2+ 40. Ke3 Rc3+ 41. Kd2 Rg3 42. Be6 e4 43. Bd7 Rg2+ 44.
Kc3 Rg3+ 45. Kb4 e3 46. Re4 Kg7 47. c5 Rg1 48. Rxe3 Rb1+ 49. Rb3 Rc1 50. c6 Kf6 51. Rc3 Rb1+ 52. Ka3 Ke7 53. c7 1-0

[Event "Early-Titled-Tuesday-Blitz-February-20-2024"]
[Site "Chess.com"]
[Date "2024.02.20"]
[Round "7"]
[White "waspofborneo"]
[Black "a-z30"]
[Result "0-1"]
[WhiteElo "2232"]
[BlackElo "2483"]
[TimeControl "180+1"]
[EndTime "9:20:07 PST"]
[Termination "a-z30 won on time"]

1. h3 d5 2. Nf3 c5 3. d4 cxd4 4. Nxd4 e5 5. Nf3 Nc6 6. e3 Nf6 7. Be2 Bd6 8. a3 O-O 9. b4 a6 10. Bb2 e4 11. Nd4 Ne5 12. Nd2 Qc7 13. Rc1 b5 14.
Nf1 Nc4 15. Bxc4 Qxc4 16. Nd2 Qc7 17. Ne2 Nd7 18. a4 Ne5 19. axb5 axb5 20. Bxe5 Bxe5 21. O-O Be6 22. Nb3 Qc4 23. c3 Ra2 24. Ned4 h6 25.
Nc5 Bxd4 26. exd4 Qe2 27. Qxe2 Rxe2 28. Ra1 Rc2 29. Rfc1 Rxc1+ 30. Rxc1 Ra8 31. Nb7 Ra2 32. Nc5 g5 33. Nb3 Kg7 34. Nc5 Kg6 35. Nb3 f5 36. Nc5 Kf6 37. Kf1 f4 38. Kg1 Bf5 39. g3 e3 40.
gxf4 exf2+ 41. Kh2 gxf4 0-1

[Event "Early-Titled-Tuesday-Blitz-February-20-2024"]
[Site "Chess.com"]
[Date "2024.02.20"]
[Round "7"]
[White "rcmz"]
[Black "Licancabur"]
[Result "0-1"]
[WhiteElo "2193"]
[BlackElo "2412"]
[TimeControl "180+1"]
[EndTime "9:20:08 PST"]
[Termination "Licancabur won on time"]

1. b4 e5 2. Bb2 Bxb4 3. Bxe5 Nf6 4. c4 O-O 5. e3 Re8 6. Bb2 d5 7. cxd5 Nxd5 8. Nf3 c5 9. a3 Ba5 10. Be2 Nc6 11.
O-O Nf6 12. Nc3 Bg4 13. h3 Bh5 14. Nh4 Bxe2 15. Qxe2 Qd7 16. Rad1 Rad8 17. Qc4 Ne5 18. Qb5 Qc7 19. d4 cxd4 20. exd4 a6 21. Qa4 Nc4 22. Ba1 b5 23. Qb3 Qf4 24. Nf3 h6 25. a4 Bxc3 26. Bxc3 Nd5 27. axb5 axb5 28. Ba1 Rb8 29. Rfe1 Red8 30. Ne5 Nxe5 31. dxe5 Nb4 32. e6 fxe6 33. Qxe6+ Kh8 34. Rxd8+ Rxd8 35. Qe7 Rg8 36. Qe6 Nd3 37.
Rf1 b4 38. g3 Qd2 0-1

[Event "Early-Titled-Tuesday-Blitz-February-20-2024"]
[Site "Chess.com"]
[Date "2024.02.20"]
[Round "7"]
[White "pfalcon1949"]
[Black "simonachess"]
[Result "0-1"]
[WhiteElo "1985"]
[BlackElo "2299"]
[TimeControl "180+1"]
[EndTime "9:20:08 PST"]
[Termination "simonachess won on time"]

1. e4 d6 2. d4 Nf6 3. Nc3 c6 4.
f4 Qa5 5. Bd3 e5 6. dxe5 dxe5 7.
f5 Bc5 8. Nf3 Ng4 9. Qe2 Nf2 10.
Rf1 Nxd3+ 11. cxd3 Nd7 12. Bd2 Qc7 13. O-O-O b5 14. Kb1 Ba6 15. Rc1 Qb6 16. g4 f6 17.
g5 O-O-O 18. Nd1 b4 19. Ne3 Bb5 20. Nc4 Bxc4 21. Rxc4 a5 22. Rfc1 Kb7 23. h4 Qb5 24. Be3 Bxe3 25. Qxe3 c5 26. b3 a4 27. Nd2 Ra8 28.
gxf6 gxf6 29. Qh6 Rag8 30. Qe3 Rg2 31. Nf3 Rhg8 32. Ne1 Rg1 33. Qh6 R8g7 34. Qh5 axb3 35. axb3 Rxe1 36. Rxe1 Nb6 37. Rec1 Nxc4 38. dxc4 Qd7 39.
Qe2 Rg3 40. Kb2 Qd4+ 41. Ka2 Rd3 42. Rc2 Rd1 43. Rb2 Rd3 44. Qh5 Qd7 45. Qh6 Rd6 46. Qf8 Ra6+ 0-1

[Event "Early-Titled-Tuesday-Blitz-February-20-2024"]
[Site "Chess.com"]
[Date "2024.02.20"]
[Round "7"]
[White "Matols"]
[Black "ZachHKL"]
[Result "1-0"]
[WhiteElo "2351"]
[BlackElo "2102"]
[TimeControl "180+1"]
[EndTime "9:20:09 PST"]
[Termination "Matols won by resignation"]

1. d4 Nf6 2. c4 e6 3. g3 Bb4+ 4. Bd2 Qe7 5. Nf3 O-O 6. Bg2 Bxd2+ 7. Qxd2 d6 8. O-O Nbd7 9. Nc3 a6 10. Rfd1 e5 11.
dxe5 dxe5 12. e3 Nc5 13. b4 Ncd7 14. a3 Nb6 15. Qe2 Bg4 16. h3 Bh5 17. g4 Bg6 18.
Nd2 c6 19. Nde4 Nxe4 20. Nxe4 Bxe4 21. Bxe4 Qe6 22. Rac1 Rfd8 23. Bf5 Qe7 24. Kg2 e4 25. Qc2 Re8 26. Rd4 a5 27. Bxe4 axb4 28. axb4 h6 29.
Bh7+ Kh8 30. Bf5 Rad8 31. Rcd1 g6 32. Be4 Rxd4 33. Rxd4 Kg7 34. Qc3 Qf6 35. Qd3 Qe7 36. Bf3 Qxb4 37. c5 Qxc5 38. Rd8 Rxd8 39. Qxd8 Nd5 40.
Qd7 b5 41. h4 b4 42. h5 gxh5 43. gxh5 b3 44. Qg4+ Kf8 45. Qc8+ Kg7 46. Qg4+ Kf6 47.
Qh4+ Ke6 48. Qg4+ Ke7 49. Qh4+ Nf6 50. Qf4 Nd5 51. Qxh6 b2 52. Qg5+ Ke8 53. Qe5+ Kd8 54. Qxb2 Qf8 55. Qb8+ Ke7 56. Qxf8+ Kxf8 57. Bxd5 cxd5 58.
Kg3 Kg7 59. Kg4 Kh6 60. Kh4 f5 61. f4 Kg7 62. Kg5 1-0

[Event "Early-Titled-Tuesday-Blitz-February-20-2024"]
[Site "Chess.com"]
[Date "2024.02.20"]
[Round "7"]
[White "LeoLV10"]
[Black "Yeritsyaan"]
[Result "0-1"]
[WhiteElo "2493"]
[BlackElo "2612"]
[TimeControl "180+1"]
[EndTime "9:20:10 PST"]
[Termination "Yeritsyaan won on time"]

1. e4 c5 2. Nf3 d6 3. d4 cxd4 4.
Nxd4 Nf6 5. Nc3 g6 6. Be3 Bg7 7. f3 O-O 8. Qd2 Nc6 9. Bc4 Bd7 10.
O-O-O Rc8 11. Bb3 Nxd4 12. Bxd4 b5 13. h4 a5 14. a3 b4 15. axb4 axb4 16. Nd5 Nxd5 17.
exd5 Qa5 18. Qe3 Bf5 19. Bxg7 Kxg7 20. g4 Bxc2 21. Bxc2 Qa1+ 22. Kd2 Qxb2 23. Qb3 Qd4+ 24. Kc1 Qf4+ 25. Kb1 Rc3 26. Qb2 Rc8 27. Rd3 Kg8 28.
Rxc3 bxc3 29. Qb7 Rc4 30. Qa8+ Kg7 31. Qa3 Qxf3 32. Rd1 Qxg4 33. Rd3 Qxh4 34. Rxc3 Qe1+ 35. Kb2 Qxc3+ 36. Qxc3+ Rxc3 37. Kxc3 Kf6 38. Kd4 h5 39. Ke4 Kg5 40. Kf3 f5 41. Ba4 h4 42. Be8 Kf6 43. Bd7 g5 44. Be6 Ke5 45. Ke3 g4 46. Kf2 Kf4 47.
Bd7 h3 48. Be6 g3+ 49. Kg1 Kg5 50. Bd7 Kf6 51. Be6 Kg6 52. Bd7 Kg5 53. Be6 h2+ 54.
Kg2 f4 0-1